 Dungeon Crawl Stone Soup version 0.32-a0-779-g362cfcae2a (webtiles) character file.

Game seed: 5389166055785068056

8053 Drazool the Thaumaturge (level 11, 0/68 HPs)
             Began as a Mummy Summoner on Mar 19, 2024.
             Was an Initiate of Gozag.
             Slain by an unseen horror (4 damage)
             ... on level 10 of the Dungeon.
             The game lasted 00:51:57 (11282 turns).

Drazool the Thaumaturge (Mummy Summoner)           Turns: 11282, Time: 00:51:58

Health: 0/68       AC:  4    Str: 11    XL:     11   Next: 4%
Magic:  24/24      EV: 11    Int: 20    God:    Gozag
Gold:   1300       SH:  0    Dex: 18    Spells: 10/29 levels left

rFire   x . .        i - +4 short sword (drain)
rCold   + . .        (no shield)
rNeg    + + +        a - +0 robe
rPois   ∞            n - +0 helmet
rElec   .            (no cloak)
rCorr   .            c - +0 pair of gloves
SInv    .            (no boots)
Will    +....        m - amulet of magic regeneration
Stlth   ++           D - +6 ring of dexterity
HPRegen 0.31/turn    (no ring)
MPRegen 0.59/turn

%: faith
@: no status effects
A: cold resistance 1, negative energy resistance 3, torment resistance 2, heat
vulnerability 1, in touch with death 1, no potions, faith
a: Renounce Religion, Potion Petition, Call Merchant, Bribe Branch


You were on level 10 of the Dungeon.
You worshipped Gozag.
Gozag was most pleased with you.
You visited 2 branches of the dungeon, and saw 11 of its levels.

You collected 1408 gold pieces.
You paid 108 gold pieces to Gozag.


Innate Abilities, Weirdness & Mutations

You are immune to poison.
Your flesh is cold resistant. (rC+)
You are immune to negative energy. (rN+++)
You are immune to unholy pain and torment.
You are vulnerable to heat. (rF-)
You are in touch with the powers of death.
You do not drink.
You have a special connection with the divine. (Faith)


   Skills:
 - Level 1.5 Dodging
 - Level 1.5 Stealth
 - Level 9.9 Spellcasting
 - Level 9.0 Hexes
 + Level 7.3 Summonings
 - Level 7.0 Fire Magic
 + Level 1.5 Air Magic


You had 10 spell levels left.
You knew the following spells:

 Your Spells              Type           Power      Damage    Failure   Level
c - Call Imp              Summ           78%        N/A       1%          2
f - Call Canine Familiar  Summ           39%        N/A       1%          3
l - Summon Lightning Spi  Summ/Air       27%        N/A       12%         4
v - Summon Mana Viper     Hex/Summ       42%        N/A       7%          5
z - Summon Small Mammal   Summ           100%       N/A       1%          1
X - Summon Blazeheart Go  Fire/Summ      38%        N/A       3%          4

Your spell library contained the following spells:

 Spells                   Type           Power      Damage    Failure   Level
 Slow                     Hex            100%       N/A       1%          1
 Confusing Touch          Hex            45%        N/A       1%          3
 Sigil of Binding         Hex            45%        N/A       1%          3
 Cause Fear               Hex            22%        N/A       1%          4
 Summon Ice Beast         Ice/Summ       24%        N/A       4%          3
 Sting                    Conj/Alch      36%        1d5       7%          1
 Mercury Vapours          Alch/Air       26%        N/A       8%          2
 Cigotuvi's Dreadful Rot  Necr/Alch/Air  36%        N/A       9%          2
 Dimensional Bullseye     Hex/Tloc       13%        N/A       11%         4
 Animate Armour           Summ/Erth      48%        N/A       16%         4
 Hailstorm                Conj/Ice       9%         3d6       22%         3
 Stone Arrow              Conj/Erth      18%        3d8       22%         3
 Vampiric Draining        Necr           14%        2d7       22%         3
 Olgreb's Toxic Radiance  Alch           9%         N/A       56%         4
 Permafrost Eruption      Ice/Erth       4%         2x4d3     100%        6
 Sculpt Simulacrum        Ice/Alch       4%         N/A       100%        6
 Lehudib's Crystal Spear  Conj/Erth      4%         10d3      100%        8

Inventory:

Hand Weapons
 b - a +0 hand axe of flaming
 i - a +4 short sword of draining (weapon)
 k - a +1 whip of draining
Missiles
 e - 2 throwing nets {=f}
 u - 5 darts of dispersal {=f}
Armour
 a - a +0 robe (worn)
 c - a +0 pair of gloves (worn)
 n - a +0 helmet (worn)
 v - a +0 pair of boots
Jewellery
 m - an amulet of magic regeneration (around neck)
 D - a +6 ring of dexterity (left hand)
Wands
 o - a wand of paralysis (31)
 s - a wand of polymorph (5)
 x - a wand of roots (9)
Scrolls
 d - a scroll of revelation
 f - a scroll of teleportation {unknown}
 g - a scroll of brand weapon
 h - a scroll of blinking
 j - 2 scrolls of amnesia
 l - 2 scrolls of immolation
 p - a scroll of vulnerability
 q - a scroll of butterflies {unknown}
 r - a scroll of silence {unknown}
 t - a scroll of enchant armour {unknown}
 w - a scroll of fog {unknown}

Dungeon Overview and Level Annotations

Branches:
Dungeon (10/15)            Temple (1/1) D:5             Orc (0/2) D:9
   Lair: D:8-11

Altars:
Ashenzari
Cheibriados
Dithmenos
Fedhas
Gozag
Kikubaaqudgha
Makhleb
Nemelex Xobeh
Okawaru
Qazlal
Ru
Sif Muna
Uskayaw
Vehumet
Wu Jian
Xom
Yredelemnul
Beogh

Annotations:
D:4 3 runed translucent doors, DeathSocks's ghost, amateur BaIE
D:6 1 exclusion
D:7 2 transporters
Temple 2 transporters

... ▒..# #.. ...#
#.. ▒..# #..▒▒..#
[..▒..# ▒$..#
▒..####
▒..'..#####
▒..$$.$@..#
#...(..######)#
#......######.####
#########....<...#
#####........#
#............#
#............#
#............#
#..............#


There were no monsters in sight!


Message History

Your mana viper completely misses the centaur.
Unknown command.
The centaur unwields a +0 shortbow.
The centaur misses you.
The centaur kicks you but does no damage.
Your mana viper bites the centaur!
The centaur dies!
Unknown command.
Your mana viper disappears in a puff of smoke!
Something hits you!
Deactivating autopickup; reactivate with Ctrl-A.
Something hits you.
Unknown command.
You hit something but do no damage. Something hits you. Something hits you!
* * * LOW HITPOINT WARNING * * *
Something hits you!
* * * LOW HITPOINT WARNING * * *
There is a large open door here.
Something hits you.
* * * LOW HITPOINT WARNING * * *
Something hits you.
* * * LOW HITPOINT WARNING * * *
Something hits you.
* * * LOW HITPOINT WARNING * * *
Something hits you.
* * * LOW HITPOINT WARNING * * *
You see here 4 gold pieces.
Something hits you.
You die...
Your body crumbles into a pile of gold.

Skill      XL: |  1  2  3  4  5  6  7  8  9 10 |
---------------+-------------------------------+-----
Spellcasting   | 3 4 5 7 8 9 |  9.9
Fire Magic     | 3 6 7 |  7.0
Summonings     | 7 |  7.3
Hexes          | 3 9 |  9.0
Air Magic      | 1 |  1.5
Dodging        | |  1.5
Stealth        | |  1.5

Action                     |  1- 3 |  4- 6 |  7- 9 | 10-12 || total
---------------------------+-------+-------+-------+-------++-------
  Melee: Hand axe          |    39 |       |       |       ||    39
         Short sword       |       |    46 |    48 |    24 ||   118
   Cast: Summon Small Mamm |    44 |    30 |    13 |       ||    87
         Call Imp          |     4 |    11 |     5 |       ||    20
         Call Canine Famil |       |    16 |    25 |     7 ||    48
         Summon Blazeheart |       |       |    35 |    31 ||    66
         Summon Mana Viper |       |       |       |    10 ||    10
  Evoke: Wand              |       |       |     2 |       ||     2
    Use: Scroll            |       |       |     7 |     2 ||     9
   Stab: Distracted        |       |       |     1 |       ||     1
         Paralysed         |       |       |     1 |       ||     1
 Armour: Robe              |    33 |    36 |    44 |    67 ||   180
  Dodge: Dodged            |    35 |    19 |    39 |    38 ||   131

Levels and vault maps discovered:
D:1:      dpeg_arrival_erosion, layout_basic,
          shapermc_ecumenical_altar_mp_ritualfount, corner_web_ring
D:2:      layout_basic, corexii_item_surrounded_by_moat
D:3:      layout_basic, amcnicky_altar_gilded, mainiacjoe_overflow_brackets,
          hangedman_feature_mirror, nicolae_eternal_life
D:4:      layout_basic, nicolae_yredelemnul_ghost_church, uniq_robin,
          uniq_duvessa
D:5:      layout_layer_cave, temple_green, uniq_ijyb, uniq_pikel
D:6:      minmay_razor_zed, layout_loops_ring
D:7:      gammafunk_steamed_eel, layout_basic
D:8:      layout_basic, kennysheep_windowed_goal
D:9:      layout_basic, minmay_orc_entry_temple_small,
          nicolae_twisty_statue_hallways
D:10:     layout_roguey, mainiacjoe_overflow_cross_hatched,
          mainiacjoe_overflow_concentric_impassable, hangedman_corner_corridor
Temple:   hellmonk_temple_divided_pantheon

Notes
Turn   | Place    | Note
-------+----------+-------------------------------------------
     0 | D:1      | Drazool the Mummy Summoner began the quest for the Orb.
     0 | D:1      | Reached XP level 1. HP: 13/13 MP: 4/4
   182 | D:1      | Reached XP level 2. HP: 19/19 MP: 3/5
   507 | D:1      | Learned a level 2 spell: Call Imp
   781 | D:1      | Found a faded altar of an unknown god.
  1009 | D:1      | Reached skill level 3 in Spellcasting
  1174 | D:2      | Reached XP level 3. HP: 24/24 MP: 6/8
  1524 | D:2      | Reached skill level 4 in Spellcasting
  1611 | D:2      | Reached XP level 4. HP: 25/30 MP: 6/10
  1645 | D:2      | Learned a level 3 spell: Call Canine Familiar
  2204 | D:3      | Reached skill level 5 in Spellcasting
  2332 | D:3      | Reached XP level 5. HP: 31/35 MP: 8/13
  2401 | D:3      | Got the Handbook of Grim Imprecation
  2467 | D:3      | Found a shimmering altar of Xom.
  2477 | D:3      | Learned a level 4 spell: Summon Blazeheart Golem
  2701 | D:3      | You fall into a shaft and drop 2 floors!
  2701 | D:5      | Entered Level 5 of the Dungeon
  2737 | D:5      | Reached skill level 6 in Spellcasting
  2805 | D:3      | Reached skill level 7 in Spellcasting
  2805 | D:3      | Reached XP level 6. HP: 41/41 MP: 9/16
  2838 | D:3      | Found a shadowy altar of Dithmenos.
  3062 | D:4      | Noticed Duvessa
  3069 | D:4      | Noticed Dowan
  3204 | D:4      | Found a runed translucent gate.
  3204 | D:4      | Found a runed translucent gate.
  3204 | D:4      | Found a runed translucent gate.
  3204 | D:4      | Noticed DeathSocks's ghost (amateur BaIE)
  3206 | D:4      | Found a basalt altar of Yredelemnul.
  3208 | D:4      | Noticed Robin
  3225 | D:4      | Reached skill level 8 in Spellcasting
  3232 | D:4      | Killed Robin
  3427 | D:4      | Reached XP level 7. HP: 46/46 MP: 15/19
  3470 | D:4      | Killed Duvessa
  3471 | D:4      | Reached skill level 9 in Spellcasting
  3487 | D:4      | Killed Dowan
  4043 | D:4      | Reached skill level 1 in Fire Magic
  4343 | D:5      | Reached skill level 2 in Fire Magic
  4498 | D:5      | Reached skill level 3 in Fire Magic
  4498 | D:5      | Reached XP level 8. HP: 52/52 MP: 21/21
  5010 | D:5      | Reached skill level 4 in Fire Magic
  5350 | D:5      | Found a staircase to the Ecumenical Temple.
  5356 | Temple   | Found a transporter.
  5356 | Temple   | Found a transporter.
  5356 | Temple   | Found a transporter.
  5356 | Temple   | Found a transporter.
  5356 | Temple   | Entered the Ecumenical Temple
  5372 | Temple   | Became a worshipper of Gozag Ym Sagoz the Greedy
  5442 | D:5      | Noticed Ijyb
  5457 | D:5      | Killed Ijyb
  5507 | D:5      | Noticed Pikel
  5519 | D:5      | Killed Pikel
  5520 | D:5      | Reached skill level 6 in Fire Magic
  6388 | D:6      | Reached XP level 9. HP: 57/57 MP: 19/22
  6717 | D:6      | Reached skill level 4 in Summonings
  6769 | D:6      | Reached skill level 7 in Fire Magic
  7223 | D:7      | Reached skill level 5 in Summonings
  7567 | D:7      | Found a transporter.
  7587 | D:7      | Reached skill level 6 in Summonings
  7803 | D:7      | Found a transporter.
  8119 | D:7      | Reached skill level 7 in Summonings
  8125 | D:7      | Learned a level 5 spell: Summon Mana Viper
  8192 | D:7      | Reached skill level 1 in Hexes
  8407 | D:8      | Reached skill level 2 in Hexes
  8455 | D:8      | Reached skill level 3 in Hexes
  8511 | D:8      | Reached XP level 10. HP: 26/63 MP: 21/23
  8694 | D:8      | Reached skill level 4 in Hexes
  8842 | D:8      | Reached skill level 5 in Hexes
  9155 | D:8      | Reached skill level 6 in Hexes
  9347 | D:9      | Reached skill level 7 in Hexes
  9487 | D:9      | Found a staircase to the Orcish Mines.
  9941 | D:9      | Reached skill level 8 in Hexes
 10163 | D:9      | Found a roughly hewn altar of Beogh.
 10378 | D:9      | Reached skill level 9 in Hexes
 10487 | D:9      | Learned a level 4 spell: Summon Lightning Spire
 11101 | D:10     | Entered Level 10 of the Dungeon
 11156 | D:10     | Reached skill level 1 in Air Magic
 11162 | D:10     | Reached XP level 11. HP: 68/68 MP: 22/24
 11281 | D:10     | HP: 4/68 [something (5)]
 11282 | D:10     | Slain by an unseen horror

Vanquished Creatures
  Pikel (D:5)
  2 trolls (D:9)
  9 yaks
  A water moccasin (D:8)
  5 orc warriors
  Duvessa (D:4)
  An ice beast (D:5)
  An ogre (D:7)
  A centaur (D:7)
  2 lemures (D:5)
  A kobold brigand (D:6)
  2 bullfrogs
  A gnoll sergeant (D:9)
  7 wights
  Dowan (D:4)
  A killer bee (D:9)
  A bombardier beetle (D:3)
  A gnoll bouda (D:4)
  2 hounds
  An iguana (D:5)
  An orc wizard (D:8)
  A gnoll (D:4)
  3 adders
  A dart slug (D:4)
  8 orcs
  3 ball pythons
  3 endoplasms
  A giant cockroach (D:1)
  7 goblins
  A hobgoblin (D:1)
  4 jackals
  A kobold (D:9)
  2 quokkas
  3 bats
  A frilled lizard (D:3)
82 creatures vanquished.

Vanquished Creatures (collateral kills)
  A wyvern (D:9)
  A yak (D:7)
  3 acid dragons
  A water moccasin (D:8)
  A nameless horror (D:10)
  A sky beast (D:7)
  2 black bears
  An orc warrior (D:10)
  2 ogres (D:6)
  5 centaurs
  A phantom (D:5)
  2 kobold brigands (D:9)
  2 lemures (D:5)
  4 bullfrogs
  3 scorpions
  11 wights
  2 killer bees (D:9)
  A howler monkey (D:4)
  A bullfrog zombie (D:4)
  6 hounds
  3 jellies
  3 bombardier beetles
  5 orc priests
  A gnoll bouda (D:10)
  Ijyb (D:5)
  A scorpion zombie (D:4)
  2 sleepcaps
  2 iguanas
  An orc wizard (D:5)
  Robin (D:4)
  8 gnolls
  5 adders
  A white imp (D:8)
  An ufetubus (D:6)
  2 dart slugs
  A ribbon worm (D:3)
  23 orcs
  6 endoplasms
  A giant cockroach (D:2)
  8 goblins
  5 hobgoblins (D:4)
  2 jackals (D:2)
  9 kobolds
  2 quokkas
  3 ball pythons (D:1)
  A bat (D:2)
  6 frilled lizards
  6 rats
161 creatures vanquished.

Vanquished Creatures (others)
  A howler monkey (D:10)
  44 blazeheart cores
45 creatures vanquished.

Grand Total: 288 creatures vanquished

Table legend: (Time is in decaauts)
 A = Elapsed time spent in this place.
 B = Non-inter-level travel time spent in this place.
 C = Inter-level travel time spent in this place.
 D = Time resting spent in this place.
 E = Time spent auto-exploring this place.
 F = Levels seen in this place.
 G = Mean time per level.
                   A        B        C        D        E       F      G
               +--------+--------+--------+--------+--------+-----+--------+
         Total |  11300 |  10663 |    637 |   2049 |   6056 |  11 | 1027.3 |
       Dungeon |  11268 |  10639 |    629 |   2049 |   6056 |  10 | 1126.8 |
        Temple |     31 |     23 |      8 |      0 |      0 |   1 |   31.0 |
               +--------+--------+--------+--------+--------+-----+--------+

Top non-repeatable levels by time:
     D:5: 1627 daAuts
     D:9: 1536 daAuts
     D:7: 1371 daAuts
     D:6: 1350 daAuts
     D:3: 1119 daAuts
     D:1: 1098 daAuts
     D:4: 1063 daAuts
     D:8: 989 daAuts
     D:2: 930 daAuts
    D:10: 180 daAuts
  Temple: 31 daAuts

Table legend:
 A = Non-vault XP
 B = Vault XP
 C = Vault XP percentage of total XP
 D = Non-vault monster count
 E = Vault monster count
 F = Vault count percentage of total count
                 A         B        C        D         E       F
            +---------+---------+-------+---------+---------+-------
      Total |    8752 |    2753 |  23.9 |     192 |      47 |  19.7
            +---------+---------+-------+---------+---------+-------
        D:1 |      35 |       0 |   0.0 |      21 |       0 |   0.0
        D:2 |      66 |       0 |   0.0 |      19 |       0 |   0.0
        D:3 |     177 |      15 |   7.8 |      26 |       2 |   7.1
        D:4 |     419 |     320 |  43.3 |      22 |      16 |  42.1
        D:5 |     744 |     701 |  48.5 |      14 |       2 |  12.5
        D:6 |     328 |     623 |  65.5 |       8 |       9 |  52.9
        D:7 |    1445 |       0 |   0.0 |      20 |       0 |   0.0
        D:8 |    2165 |     147 |   6.4 |      23 |       1 |   4.2
        D:9 |    3116 |     363 |  10.4 |      37 |      11 |  22.9
       D:10 |     257 |     584 |  69.4 |       2 |       6 |  75.0
            +---------+---------+-------+---------+---------+-------
